Map: Moonlight Madness LE (Void)

Players

AffroKrull

  • Race: Zerg Zerg
  • League: Bronze

SticklerMac - Winner!

  • Race: Zerg Zerg
  • League: Silver

VOD

Have the link to the VOD?

Description

Time

  • Played on: Sept. 20, 2015, 2:36 p.m.
  • Length: 5:51
Show
View Real Time Build Order
Export as new Build Order

AffroKrull Zerg 

Build Orders: Hatch First 

Get SALT Encoding   

  12  0:01  Drone  
  13  0:13  Drone  
  14  0:23  Overlord  
  14  0:43  Drone x3  
  17  0:59  Drone  
  17  1:02  Hatchery  
  17  1:13  Drone  
  17  1:17  Spawning Pool  
  17  1:19  Extractor  
  17  1:20  Drone  
  17  1:34  Drone  
  18  2:07  Overlord  
  18  2:12  Queen  
  18  2:14  Queen  
  22  2:16  Zergling x4  
  22  2:17  Drone  
  25  2:26  Drone x2  
  27  2:37  Metabolic Boost  
  27  2:39  Drone  
  27  2:41  Drone x2  
  30  2:50  Drone  
  31  2:53  Drone  
  31  2:56  Queen x2  
  35  3:14  Overlord x2  
  35  3:15  Overlord  
  34  3:26  Drone  
  34  3:27  Drone  
  36  3:30  Overlord  
  36  3:31  Overlord  
  36  3:39  Drone x7  
  43  3:43  Queen  
  43  3:47  Zergling x2  
  46  3:52  Extractor  
  45  4:01  Drone  
  45  4:02  Drone x2  
  48  4:06  Zergling x2  
  48  4:07  Zergling x12  
  55  4:15  Zergling x2  
  45  4:35  Zergling x6  
  43  4:40  Zergling x4  
  42  5:03  Zergling x4  
  42  5:06  Queen  
  43  5:21  Hatchery, Zergling x14  
Show
View Real Time Build Order
Export as new Build Order

SticklerMac Zerg - Winner!

Build Orders: Hatch First 

Get SALT Encoding   

  12  0:01  Drone  
  13  0:09  Drone  
  14  0:17  Overlord  
  14  0:35  Drone x3  
  17  0:53  Hatchery  
  17  0:56  Drone  
  17  1:00  Extractor  
  17  1:01  Drone  
  17  1:12  Drone  
  18  1:20  Spawning Pool  
  18  1:23  Drone  
  18  1:31  Drone  
  19  1:40  Drone  
  20  1:50  Drone  
  21  2:02  Drone  
  21  2:05  Drone  
  21  2:06  Metabolic Boost  
  21  2:08  Queen  
  23  2:09  Queen  
  23  2:12  Drone  
  28  2:19  Overlord  
  28  2:24  Overlord  
  28  2:30  Overlord  
  28  2:56  Drone x4  
  28  2:57  Drone  
  33  3:06  Zergling x2  
  34  3:32  Zergling x6  
  34  3:33  Zergling x14  
  34  3:34  Zergling x2  
  45  3:38  Baneling Nest  
  45  3:40  Drone  
  45  3:41  Queen  
  45  3:42  Queen  
  45  3:44  Overlord  
  49  3:51  Zergling x2  
  49  3:55  Zergling x2  
  52  4:02  Zergling x2  
  52  4:03  Zergling x6  
  53  4:18  Zergling x2  
  53  4:19  Zergling x12  
  60  4:28  Zergling x2  
  57  4:34  Zergling x2  
  57  4:35  Zergling x8  
  57  4:41  Zergling x2  
  58  4:46  Zergling x2  
  58  5:01  Baneling x3  
  58  5:02  Baneling x7  
  58  5:03  Baneling x6  
  58  5:04  Baneling  
  58  5:05  Zergling x2  
  58  5:06  Zergling x2  
Tags
 
Add a new tag
Caveats
  • Supply blocks, unpowered buildings, or Contaminate may cause inaccurate times.
  • Supply counts are checked every 10 seconds.